 Dungeon Crawl Stone Soup version 0.31-a0-233-g139696dc86 (webtiles) character file.

Game seed: 15766869883895970071

108 qw the Shooter (level 4, -1/26 HPs)
             Began as a Gargoyle Hexslinger on July 8, 2023.
             Slain by an orc
             ... wielding a +0 flail
              (8 damage)
             ... on level 3 of the Dungeon.
             The game lasted 00:00:34 (1375 turns).

qw the Shooter (Gargoyle Hexslinger)                Turns: 1375, Time: 00:00:35

Health: -1/26      AC:  8    Str: 11    XL:     4   Next: 87%
Magic:  5/5        EV: 10    Int: 14    God:
Gold:   127        SH:  0    Dex: 14    Spells: 4/5 levels left

rFire   + . .        Y - +0 shortbow
rCold   + . .        (shield currently unavailable)
rNeg    + . .        h - +0 ring mail
rPois   inf          (no helmet)
rElec   +            d - scarf {rC+ rF+}
rCorr   .            (no gloves)
SInv    .            (no boots)
Will    .....        (no amulet)
Stlth   +            (no ring)
HPRegen 0.24/turn    (no ring)
MPRegen 0.09/turn

%: no passive effects
@: no status effects
A: sickness immunity, AC +3, negative energy resistance 1, electricity
resistance, torment resistance 1, petrification resistance
a: no special abilities


You were on level 3 of the Dungeon.
You visited 1 branch of the dungeon, and saw 3 of its levels.

You collected 127 gold pieces.


Innate Abilities, Weirdness & Mutations

You are immune to sickness and miasma.
Your stone body is resilient. (AC +3)
You are immune to poison.
You resist negative energy. (rN+)
You are resistant to electric shocks. (rElec)
You are resistant to unholy torment.
You are immune to petrification.


   Skills:
 - Level 2.2 Fighting
 + Level 4.1 Ranged Weapons
 - Level 1.6 Armour
 - Level 1.5 Dodging
 - Level 1.0 Spellcasting
 - Level 2.6 Hexes


You had 4 spell levels left.
You knew the following spells:

 Your Spells              Type           Power      Damage    Failure   Level
a - Slow                  Hex            32%        N/A       21%         1

Your spell library contained the following spells:

 Spells                   Type           Power      Damage    Failure   Level
 Inner Flame              Hex/Fire       4%         N/A       71%         3
 Portal Projectile        Hex/Tloc       8%         N/A       71%         3
 Cause Fear               Hex            4%         N/A       90%         4

Inventory:

Hand Weapons
 Y - a +0 shortbow (weapon)
Armour
 d - a scarf of resistance (worn)
 h - a +0 ring mail (worn)
Potions
 e - a potion of ambrosia {unknown}

Dungeon Overview and Level Annotations

Branches:
Dungeon (3/15)

Altars:


Message History

The orc wizard is moderately wounded.
An orc comes into view. It is wielding a +0 falchion.
The orc moves out of view.
You shoot an arrow. The arrow barely misses the orc wizard.
You shoot an arrow.
The arrow hits the orc wizard but does no damage.
The orc wizard is moderately wounded.
You shoot an arrow. The arrow barely misses the orc wizard.
The orc wizard hits you but does no damage.
The orc misses you.
An orc comes into view. It is wielding a +0 flail.
You shoot an arrow.
The arrow closely misses the orc wizard.
The orc shouts! x2
The arrow hits the orc but does no damage.
The orc hits you but does no damage.
The orc wizard hits you with a +0 dagger.
You shoot an arrow. The arrow hits the orc wizard!
The orc wizard is almost dead.
The orc hits you with a +0 hand axe. The orc wizard casts a spell at you.
The magic dart hits you.
You shoot an arrow. The arrow hits the orc wizard.
You kill the orc wizard!
The orc closely misses you. The orc hits you with a +0 flail. x2
The orc closely misses you.
Your Armour skill increases to level 1!
You shoot an arrow. The arrow hits the orc.
The orc is almost dead.
The orc barely misses you.
The orc cheers loudly.
The orc hits you but does no damage.
You shoot an arrow. The arrow hits the orc.
You kill the orc!
The orc hits you but does no damage.
You shoot an arrow.
The arrow hits the orc but does no damage.
The orc hits you with a +0 falchion. The orc hits you with a +0 hand axe.
The orc hits you with a +0 flail!
You die...

*,,,*,,,,,,,,,,,,,,,,,,,,,,* *,,,
,,,,,,,,,.....*#.[......,,,* *,,,
,,,,,,,,,.....,+........,,,* *,,,
,,,,,,,,,,....##........,,,* *,,,
,,,,,,,,,**#............,,,* *,,,
,,,,,,,,,**#............,,,* *,,,
,,,,,,,,,,,#.........$...,,* *,,,
,,,,,,,,,,,#...oo)..#**.##** *,,.
,,,,,,,.,,,#...o@...###..###**,,.
,**,,,,....#................,,,,.
***,,,,.....................,,,,.
***,,,,......###............,,,,.
,**,,,,.....................***+#
,,,,,,,..........................
,,,,,,,....................#.....
,,,,,,,.............)......#.....
,,,,,,,#*........................


You could see 3 orcs.

Vanquished Creatures
  Natasha (D:3)
  An orc wizard (D:3)
  2 adders
  2 dart slugs (D:2)
  An orc (D:3)
  3 endoplasms
  11 goblins
  2 hobgoblins (D:2)
  A quokka (D:1)
  4 ball pythons
  3 bats (D:1)
  2 frilled lizards
  2 kobolds
  4 rats
39 creatures vanquished.

Notes
Turn   | Place    | Note
-------+----------+-------------------------------------------
     0 | D:1      | qw the Gargoyle Hexslinger began the quest for the Orb.
     0 | D:1      | Reached XP level 1. HP: 12/12 MP: 2/2
     0 | D:1      | 0 ||| qw: Version: 0.3-a-46-gb1f654a
     0 | D:1      | 0 ||| qw: Game counter: 3368
     0 | D:1      | 0 ||| qw: Melee chars always use a shield: true
     0 | D:1      | 0 ||| qw: God list: Okawaru
     0 | D:1      | 0 ||| qw: Allow faded altars: false
     0 | D:1      | 0 ||| qw: Do Orc after clearing Dungeon:15 true
     0 | D:1      | 0 ||| qw: Do second Lair branch before Depths: true
     0 | D:1      | 0 ||| qw: Lair rune preference: random
     0 | D:1      | 0 ||| qw: Goals: Normal
     0 | D:1      | 0 ||| PLANNING D:1-11
   178 | D:1      | Reached XP level 2. HP: 16/16 MP: 3/3
   582 | D:1      | 582 ||| READING scroll labelled CUR XUXTOPNY.
   583 | D:1      | 583 ||| READING scroll labelled YNANOB TIRI.
   584 | D:1      | 584 ||| DROPPING scroll of poison.
   641 | D:2      | Reached skill level 3 in Ranged Weapons
   711 | D:2      | 711 ||| FLEEEEING.
   712 | D:2      | 712 ||| FLEEEEING.
   713 | D:2      | 713 ||| FLEEEEING.
   716 | D:2      | 716 ||| FLEEEEING.
   717 | D:2      | 717 ||| FLEEEEING.
   719 | D:2      | 719 ||| FLEEEEING.
   720 | D:2      | 720 ||| FLEEEEING.
   722 | D:2      | 722 ||| FLEEEEING.
   723 | D:2      | 723 ||| FLEEEEING.
   724 | D:2      | 724 ||| FLEEEEING.
   725 | D:2      | 725 ||| FLEEEEING.
   731 | D:2      | 731 ||| FLEEEEING.
   732 | D:2      | 732 ||| FLEEEEING.
   737 | D:2      | 737 ||| FLEEEEING.
   738 | D:2      | 738 ||| FLEEEEING.
   739 | D:2      | 739 ||| FLEEEEING.
   740 | D:2      | 740 ||| FLEEEEING.
   741 | D:2      | 741 ||| FLEEEEING.
   818 | D:2      | Reached XP level 3. HP: 21/21 MP: 4/4
   827 | D:2      | 827 ||| SWAPPING to +0 shortbow.
   828 | D:2      | 828 ||| DROPPING +2 sling.
   960 | D:2      | You fall into a shaft and drop 1 floor!
   964 | D:3      | 964 ||| UPGRADING to +0 leather armour.
   974 | D:3      | 974 ||| DROPPING +0 robe.
   975 | D:3      | 975 ||| UPGRADING to scarf of resistance.
   980 | D:3      | 980 ||| UPGRADING to +0 ring mail.
   993 | D:3      | 993 ||| DROPPING +0 leather armour.
   994 | D:3      | 994 ||| READING 2 scrolls labelled XAETIT WUOKHEH.
   995 | D:3      | 995 ||| READING scroll labelled OSA GAECWIRE.
   996 | D:3      | 996 ||| DROPPING scroll of revelation.
  1282 | D:3      | Noticed Natasha
  1291 | D:3      | Killed Natasha
  1292 | D:3      | Reached skill level 4 in Ranged Weapons
  1292 | D:3      | Reached XP level 4. HP: 12/26 MP: 5/5
  1373 | D:3      | Reached skill level 1 in Armour
  1375 | D:3      | Slain by an orc

Levels and vault maps discovered:
D:1:      dpeg_arrival_arbitrary_a, layout_basic, serial_glass, glass_columns_c,
          glass_columns_a, minmay_tree_intersection, hex_intersection
D:2:      layout_basic, minmay_tiny_reverse_x
D:3:      layout_basic, uniq_robin, uniq_natasha

Skill      XL: |  1  2  3  4 |
---------------+-------------+-----
Ranged Weapons | 3 4 |  4.1
Fighting       | 2 |  2.2
Armour         | 1 |  1.6
Dodging        | |  1.5
Spellcasting   | |  1.0
Hexes          | |  2.6

Action                     |  1- 3 |  4- 6 || total
---------------------------+-------+-------++-------
   Fire: Sling             |    57 |       ||    57
         Shortbow          |    44 |    12 ||    56
    Use: Scroll            |     4 |       ||     4
 Armour: Robe              |    12 |       ||    12
         Ring mail         |     2 |     4 ||     6
  Dodge: Dodged            |    36 |     4 ||    40

Table legend:
 A = Non-vault XP
 B = Vault XP
 C = Vault XP percentage of total XP
 D = Non-vault monster count
 E = Vault monster count
 F = Vault count percentage of total count
                 A         B        C        D         E       F
            +---------+---------+-------+---------+---------+-------
      Total |     117 |      38 |  24.5 |      36 |       3 |   7.7
            +---------+---------+-------+---------+---------+-------
        D:1 |      17 |       0 |   0.0 |      12 |       0 |   0.0
        D:2 |      42 |       2 |   4.5 |      17 |       2 |  10.5
        D:3 |      58 |      36 |  38.3 |       7 |       1 |  12.5
            +---------+---------+-------+---------+---------+-------
